 Dungeon Crawl Stone Soup version 0.29.1-1-gd02db6906a (webtiles) character file.

Game seed: 6461107877338942443

5158 Doomgape the Grappler (level 10, -3/83 HPs)
             Began as a Troll Transmuter on Sept 16, 2022.
             Was an Initiate of Gozag.
             Slain by an orc warrior
             ... wielding a +0 glaive
              (11 damage)
             ... on level 10 of the Dungeon.
             The game lasted 00:25:41 (5953 turns).

Doomgape the Grappler (Troll Transmuter)            Turns: 5953, Time: 00:25:42

Health: -3/83      AC:  5    Str: 24    XL:     10   Next: 33%
Magic:  16/16      EV: 12    Int:  9    God:    Gozag
Gold:   1272       SH:  0    Dex: 16    Spells: 13/18 levels left

rFire   . . .      SeeInvis +   o - +4 quarterstaff (spect)
rCold   . . .      Faith    .   (shield currently unavailable)
rNeg    . . .      Spirit   .   a - +1 robe
rPois   .          Reflect  .   (helmet currently unavailable)
rElec   .          Harm     .   (no cloak)
rCorr   .          Rampage  .   (gloves unavailable)
Will    .....                   (boots unavailable)
Stlth   +.........              (no amulet)
HPRegen 1.03/turn               v - ring of see invisible
MPRegen 0.15/turn               d - +6 ring of dexterity

@: appendages
A: horns 2, talons 2, large, unfitting armour, claws 3, regeneration 1, shaggy
fur 1, tough skin 1
a: End Transformation, Renounce Religion, Potion Petition, Call Merchant, Bribe
Branch


You were on level 10 of the Dungeon.
You worshipped Gozag.
Gozag was most pleased with you.
You had temporarily grown beastly horns and talons.
You visited 2 branches of the dungeon, and saw 11 of its levels.
You also visited: Ossuary.

You collected 1358 gold pieces.
You paid 86 gold pieces to Gozag.

Inventory:

Hand Weapons
 o - a +4 spectral quarterstaff (weapon)
Missiles
 c - 3 javelins
 u - a throwing net
Armour
 a - a +1 robe (worn)
 t - a +0 kite shield
Jewellery
 d - a +6 ring of dexterity (right claw)
 e - a ring of poison resistance
 r - a ring of flight
 v - a ring of see invisible (left claw)
 y - an amulet of magic regeneration
 D - a ring of protection from fire
 F - a ring of willpower
Wands
 w - a wand of polymorph (4)
 x - a wand of digging (5)
Scrolls
 f - 3 scrolls of immolation
 h - a scroll of enchant weapon
 z - 3 scrolls of teleportation
 A - 7 scrolls of identify
 C - a scroll of magic mapping {unknown}
 E - a scroll of blinking {unknown}
Potions
 b - 2 potions of lignification
 g - 2 potions of cancellation
 i - a potion of curing {unknown}
 j - 2 potions of invisibility
 k - a potion of attraction {unknown}
 l - 2 potions of heal wounds {unknown}
 m - 2 potions of might {unknown}
 n - 2 potions of mutation {unknown}
 p - 3 potions of resistance {unknown}
 q - a potion of magic {unknown}
 s - a potion of brilliance {unknown}
 B - 2 potions of flight {unknown}


   Skills:
 - Level 0.7 Fighting
 - Level 5.9 Dodging
 - Level 10.0 Unarmed Combat
 + Level 4.6 Spellcasting
 + Level 5.5 Transmutations


You had 13 spell levels left.
You knew the following spells:

 Your Spells              Type           Power      Damage    Failure   Level
a - Beastly Appendage     Tmut           24%        N/A       2%          1
b - Ice Form              Ice/Tmut       7%         N/A       63%         4

Your spell library contained the following spells:

 Spells                   Type           Power      Damage    Failure   Level
 Wereblood                Tmut           12%        N/A       3%          2
 Spider Form              Tmut/Pois      7%         N/A       24%         3
 Blink                    Tloc           4%         N/A       36%         2
 Scorch                   Fire           4%         2d5       36%         2
 Frozen Ramparts          Ice            4%         1d1       58%         3
 Tukima's Dance           Hex            2%         N/A       58%         3
 Yara's Violent Unravell  Hex/Tmut       3%         3d4       92%         5
 Flame Wave               Conj/Fire      2%         2d4       94%         4
 Passage of Golubria      Tloc           2%         N/A       94%         4
 Summon Ice Beast         Ice/Summ       2%         N/A       94%         4
 Borgnjor's Vile Clutch   Necr/Erth      1%         N/A       100%        5
 Manifold Assault         Tloc           2%         N/A       100%        5
 Death Channel            Necr           1%         N/A       100%        6
 Summon Cactus Giant      Summ           1%         N/A       100%        6
 Storm Form               Tmut/Air       3%         N/A       100%        7
 Animate Dead             Necr           Unusable   N/A       N/A         4

Dungeon Overview and Level Annotations

Branches:
Dungeon (10/15)            Temple (1/1) D:4         Ossuary (visited)
   Lair: D:8-11         Orc: D:9-12

Altars:
Ashenzari
Cheibriados
Dithmenos
Fedhas
Gozag
Makhleb
Nemelex Xobeh
Qazlal
Ru
Sif Muna
Trog
Uskayaw
Vehumet
Wu Jian
Xom
Yredelemnul
Zin
The Shining One

Shops:
D:2 *   D:6 (   D:9 (

Annotations:
Temple 2 transporters


Innate Abilities, Weirdness & Mutations

You have temporarily grown beastly horns and talons.
You are too large for most types of armour.
You have claws for hands.
Your natural rate of healing is unusually fast.
You are covered in fur. (AC +1)
You have tough skin. (AC +1)


Message History

Unknown command.
You barely miss the orc warrior.
The orc warrior is moderately wounded.
The orc warrior hits you with a +0 short sword.
The orc priest calls down the wrath of Beogh upon you.
Beogh smites you! The orc warrior completely misses you.
The orc warrior misses you.
Unknown command.
You sock the orc warrior!
The orc warrior is severely wounded.
The orc warrior barely misses you. x2
The orc warrior attacks as you move away!
The orc warrior hits you with a +0 short sword.
* * * LOW HITPOINT WARNING * * *
The orc warrior unwields a +0 short sword.
The orc warrior wields a +0 arbalest.
The orc warrior shoots a bolt.
The bolt barely misses you.
Aiming: Polymorph
Press: ? - help, Shift-Dir - straight line, f - orc warrior
Aim: an orc warrior, wielding a +0 arbalest and wearing a +0 chain mail (severely wounded, will become a goblin, a swamp drake, or a warg, chance to affect: 49%)
The orc warrior evaporates and reforms as a warg!
Unknown command.
You closely miss the warg. You claw the warg.
The warg is lightly wounded.
Your +4 spectral quarterstaff barely misses the warg.
The warg closely misses you.
The orc priest invokes the aid of Beogh against you.
Beogh smites you!
* * * LOW HITPOINT WARNING * * *
The warg closely misses you.
The orc shouts to no one in particular.
You closely miss the warg. You headbutt the warg!
The warg is moderately wounded.
Your +4 spectral quarterstaff hits the warg!
The warg bites your +4 spectral quarterstaff!
Your spectral weapon shares its damage with you!
* * * LOW HITPOINT WARNING * * *
The orc warrior hits you from afar with a +0 glaive!
You die...
Your body crumbles into a pile of gold.

##+#######
#........# ##
#........# $o$#
#.......@#### o..#
#......(.hoo###o.oo#
#........##oooooo..+
#........######o$o.#
#........# o.o#
#........# ..#
##'####### o# #.###
# #...#


You could see a warg (distracted, ally target), an orc warrior, an orc priest, 6
orcs and a friendly +4 spectral quarterstaff (summoned).

Vanquished Creatures
  Joseph (D:8)
  An unseen horror (D:6)
  Grinder (D:5)
  A shadow (D:9)
  8 yaks
  4 steam dragons
  Menkaure (D:5)
  Duvessa (D:5)
  A sky beast (D:7)
  2 orc warriors
  2 ogres
  A centaur (D:9)
  3 bullfrogs
  A necrophage (D:6)
  2 scorpions
  9 wights (D:8)
  Dowan (D:5)
  3 howler monkeys
  2 centaur zombies (Ossuary)
  6 hounds
  A jelly (D:6)
  A gnoll bouda (D:6)
  3 orc priests
  5 iguanas
  4 orc wizards
  6 mummies (Ossuary)
  7 gnolls
  6 adders
  A white imp (D:6)
  An ufetubus (D:4)
  A worm (D:4)
  27 orcs
  4 bats
  2 endoplasms
  3 giant cockroaches
  3 hobgoblins
  2 jackals (D:2)
  3 quokkas
  9 ball pythons
  10 goblins
  6 hobgoblin zombies (Ossuary)
  5 kobolds
  2 rats (D:2)
163 creatures vanquished.

Vanquished Creatures (others)
  6 fungi (D:6)
6 creatures vanquished.

Grand Total: 169 creatures vanquished

Notes
Turn   | Place    | Note
-------+----------+-------------------------------------------
     0 | D:1      | Doomgape the Troll Transmuter began the quest for the Orb.
     0 | D:1      | Reached XP level 1. HP: 18/18 MP: 1/1
    76 | D:1      | Found a faded altar of an unknown god.
   243 | D:1      | Reached XP level 2. HP: 26/26 MP: 2/2
   724 | D:2      | Reached skill level 4 in Unarmed Combat
   837 | D:2      | Reached XP level 3. HP: 28/32 MP: 3/3
  1270 | D:2      | Found Xeovegg's Assorted Antiques.
  1438 | D:3      | You fall into a shaft and drop 1 floor!
  1445 | D:4      | Found a sand-covered staircase.
  1454 | Ossuary  | Entered an ossuary
  1460 | Ossuary  | Reached skill level 5 in Unarmed Combat
  1460 | Ossuary  | Reached XP level 4. HP: 40/40 MP: 4/4
  1549 | Ossuary  | Reached skill level 6 in Unarmed Combat
  1549 | Ossuary  | Reached XP level 5. HP: 41/46 MP: 5/5
  1681 | D:4      | Found a staircase to the Ecumenical Temple.
  1696 | Temple   | Entered the Ecumenical Temple
  1696 | Temple   | Found a transporter.
  1696 | Temple   | Found a transporter.
  1698 | Temple   | Found a transporter.
  1698 | Temple   | Found a transporter.
  1717 | Temple   | Became a worshipper of Gozag Ym Sagoz the Greedy
  1748 | D:4      | Reached XP level 6. HP: 39/54 MP: 6/6
  1753 | D:4      | Reached skill level 7 in Unarmed Combat
  2373 | D:5      | Entered Level 5 of the Dungeon
  2400 | D:5      | Reached XP level 7. HP: 61/61 MP: 7/7
  2409 | D:5      | Noticed Duvessa
  2410 | D:5      | Noticed Dowan
  2513 | D:5      | Noticed Menkaure
  2522 | D:5      | Killed Menkaure
  2607 | D:5      | Reached skill level 8 in Unarmed Combat
  2617 | D:5      | Killed Duvessa
  2706 | D:5      | Killed Dowan
  2831 | D:5      | Noticed Grinder
  2847 | D:5      | Killed Grinder
  2848 | D:5      | Reached XP level 8. HP: 57/68 MP: 8/8
  3058 | D:6      | Reached skill level 9 in Unarmed Combat
  3155 | D:6      | Noticed an unseen horror
  3164 | D:6      | Killed an unseen horror
  3165 | D:6      | Reached skill level 5 in Dodging
  3393 | D:6      | Reached skill level 10 in Unarmed Combat
  3467 | D:6      | Reached XP level 9. HP: 75/75 MP: 8/10
  3508 | D:6      | Found Qonis's Weapon Emporium.
  3624 | D:6      | Learned a level 4 spell: Ice Form
  3855 | D:7      | Identified the +9 rapier of Diqamar {vorpal, rF++}
  4100 | D:7      | Found a burning altar of Makhleb.
  4647 | D:8      | Found a basalt altar of Yredelemnul.
  4874 | D:8      | Noticed Joseph
  4892 | D:8      | HP: 1/75 [Joseph/+4 spectral quarterstaff (20)]
  5005 | D:8      | Killed Joseph
  5112 | D:8      | Reached XP level 10. HP: 44/80 MP: 13/15
  5382 | D:9      | Noticed a gargoyle
  5384 | D:9      | Noticed a deep elf pyromancer
  5385 | D:9      | Noticed a tengu warrior
  5386 | D:9      | Noticed a centaur warrior
  5395 | D:9      | Noticed a cyclops
  5395 | D:9      | Noticed a tengu warrior
  5497 | D:9      | Reached skill level 5 in Transmutations
  5590 | D:9      | Found Oxtim's Antique Weapon Shop.
  5885 | D:10     | Entered Level 10 of the Dungeon
  5953 | D:10     | Slain by an orc warrior

Illustrated notes

Levels and vault maps discovered:
D:1:      lightli_arrival_maybe_door_vault, layout_loops_cross,
          basic_ecumenical_altar
D:2:      minmay_spotlight, layout_rooms, serial_shops, nicolae_lakefront_shop
D:3:      layout_basic, tgw_kikubaaqudgha
D:4:      minmay_diamond_boxcup, layout_cave_pools, minmay_temple_entry_trees,
          nicolae_ossuary_entry_monument, saegor_snake_ambush
D:5:      layout_basic, uniq_grinder, uniq_duvessa, uniq_menkaure
D:6:      kennysheep_steamy, layout_basic, serial_shops, kennysheep_mini_moat
D:7:      layout_basic, makhleb_heckhound_becter
D:8:      lemuel_ice_spiral_2, layout_rooms, yredelemnul_altar_generic,
          mainiacjoe_overflow_small_starburst, minmay_fire_ice_demons,
          uniq_prince_ribbit1, uniq_joseph
D:9:      layout_roguey, serial_shops, nicolae_shop_competitors_out_of_business,
          minivault_12
D:10:     layout_roguey [special_room_orc], nicolae_hepliaklqana_hazy_memory
Temple:   hellmonk_temple_divided_pantheon

Skill      XL: |  1  2  3  4  5  6  7  8  9 10 |
---------------+-------------------------------+-----
Unarmed Combat | 4 5 6 7 8 10 | 10.0
Dodging        | 2 4 5 |  5.9
Transmutations | 4 5 |  5.5
Spellcasting   | 4 |  4.6
Fighting       | |  0.7

Action                   |  1- 3 |  4- 6 |  7- 9 | 10-12 || total
-------------------------+-------+-------+-------+-------++-------
Melee: Unarmed           |    72 |    89 |   220 |       ||   381
       Punch             |     2 |     2 |    14 |       ||    18
       Kick              |       |       |    21 |     7 ||    28
       Headbutt          |       |       |     8 |     6 ||    14
       Quarterstaff      |       |       |     3 |    42 ||    45
 Cast: Beastly Appendage |       |       |    12 |     5 ||    17
Evoke: Wand              |       |       |       |     1 ||     1
  Use: Scroll            |     6 |     1 |     7 |       ||    14
       Potion            |     1 |     1 |     1 |       ||     3
 Stab: Sleeping          |       |     1 |     1 |       ||     2
       Distracted        |       |       |     1 |       ||     1
Armor: Robe              |    21 |    20 |    27 |     3 ||    71
       Skin              |       |       |     5 |       ||     5
Dodge: Dodged            |    24 |    37 |    87 |    34 ||   182
